 Dungeon Crawl Stone Soup version 0.22.1-1-ga44c0e5 (webtiles) character file.

1624435 aMcNicky the Slayer (level 27, 198/256 (260) HPs)
             Began as a Ghoul Fighter on Oct 30, 2018.
             Was the Champion of Qazlal.
             Escaped with the Orb
             ... and 3 runes on Nov 2, 2018!
             The game lasted 05:49:21 (80104 turns).

aMcNicky the Slayer (Ghoul Fighter)                Turns: 80104, Time: 05:49:22

HP:   198/256 (260) AC: 44    Str: 32    XL:     27
MP:   33/34         EV: 17    Int:  6    God:    Qazlal [******]
Gold: 427           SH: 27    Dex:  7    Spells: 26/26 levels left

rFire    + + .     SeeInvis +   b - +18 lance "Wyrmbane" {slay drac, rPois rF+ rC+ AC+3}
rCold    + + +     Gourm    .   J - +5 shield "Ryreoc" {rF+ rCorr Int+2 Dex-4}
rNeg     + + +     Faith    .   I - +2 plate armour {MR+}
rPois    ∞         Spirit   +   V - +0 mask of the Dragon {MR+ Slay+3 SInv}
rElec    +         Reflect  .   x - +1 cloak of Starlight {rElec rC+ EV+4 Stlth--}
rCorr    +         Harm     .   y - +2 pair of gloves {Dex+3}
MR       ++++.                  Y - +2 pair of boots
Stlth    ..........             M - amulet of guardian spirit
HPRegen  0.52/turn              l - +4 ring of protection
MPRegen  0.24/turn              F - +5 ring of protection

@: rotting, hasted, repel missiles, very quick
A: rotting body, claws 1, carnivore, cold resistance 1, negative energy
resistance 3, inhibited regeneration, torment resistance, unbreathing
0: Orb of Zot
}: 3/15 runes: serpentine, barnacled, slimy
a: Upheaval, Elemental Force, Disaster Area, Renounce Religion


You escaped.
You worshipped Qazlal.
Qazlal was exalted by your worship.
You were not hungry.

You visited 11 branches of the dungeon, and saw 56 of its levels.
You also visited: Labyrinth, Bailey, Ice Cave and Volcano.

You collected 7143 gold pieces.
You spent 6716 gold pieces at shops.

Inventory:

Hand Weapons
 b - the +18 lance "Wyrmbane" (weapon) {slay drac, rPois rF+ rC+ AC+3}
   (You found it on level 3 of the Elven Halls)

   It affects your AC (+3).
   It protects you from fire.
   It protects you from cold.
   It protects you from poison.
Missiles
 q - 1664 stones
 z - 11 throwing nets (quivered)
Armour
 x - the +1 cloak of Starlight (worn) {rElec rC+ EV+4 Stlth--}
   (You found it on level 5 of the Pits of Slime)

   It affects your evasion (+4).
   It protects you from cold.
   It insulates you from electricity.
   It makes you much less stealthy.
 y - a +2 pair of gloves of dexterity (worn)
 I - a +2 plate armour of magic resistance (worn)
 J - the +5 shield "Ryreoc" (worn) {rF+ rCorr Int+2 Dex-4}
   (You bought it in a shop on level 10 of the Dungeon)

   It affects your intelligence (+2).
   It affects your dexterity (-4).
   It protects you from fire.
   It provides partial protection from all sources of acid and corrosion.
 V - the +0 mask of the Dragon (worn) {MR+ Slay+3 SInv}
   (You bought it in a shop on level 1 of the Snake Pit)

   It affects your accuracy and damage with ranged weapons and melee attacks
   (+3).
   It affects your resistance to hostile enchantments.
   It lets you see invisible.
 Y - a +2 pair of boots (worn)
Jewellery
 l - a +4 ring of protection (left hand)
 F - a +5 ring of protection (right hand)
 M - an amulet of guardian spirit (around neck)
Wands
 v - a wand of digging (10)
 A - a wand of flame (124)
 C - a wand of iceblast (29)
 D - a wand of acid (24)
 L - a wand of disintegration (35)
 P - a wand of clouds (4)
 W - a wand of paralysis (14)
Scrolls
 f - 6 scrolls of enchant weapon
 g - 7 scrolls of fog
 h - 26 scrolls of teleportation
 i - 11 scrolls of amnesia
 j - 26 scrolls of remove curse {@r2}
 k - 11 scrolls of immolation
 n - a scroll of silence
 p - a scroll of brand weapon
 B - 4 scrolls of identify {@r1}
 H - 6 scrolls of fear
 K - 2 scrolls of blinking
 O - 9 scrolls of magic mapping
 S - a scroll of torment
Potions
 a - 6 potions of might
 c - 6 potions of brilliance
 m - 9 potions of flight
 o - 18 potions of curing {@q1}
 N - 7 potions of ambrosia
 Q - 5 potions of resistance
 R - 2 potions of cancellation
 U - 4 potions of magic
 X - 3 potions of invisibility
 Z - 2 potions of agility
Miscellaneous
 e - a lamp of fire
 r - a phial of floods
 s - a fan of gales
 G - 2 phantom mirrors
Comestibles
 d - 66 rations


   Skills:
 + Level 23.9 Fighting
 * Level 22.5 Polearms
 + Level 20.5 Armour
 - Level 13.6 Dodging
 - Level 15.0 Shields
 - Level 20.5 Unarmed Combat
 - Level 16.6 Invocations


You had 26 spell levels left.
You didn't know any spells.
Your spell library contained the following spells:

 Spells                   Type           Power        Failure   Level  Hunger
 Animate Skeleton         Necr           N/A          88%         1    ##.....
 Apportation              Tloc           #.....       88%         1    ##.....
 Confusing Touch          Hex            #.....       88%         1    ##.....
 Corona                   Hex            #......      88%         1    ##.....
 Flame Tongue             Conj/Fire      #....        88%         1    ##.....
 Freeze                   Ice            #...         88%         1    ##.....
 Magic Dart               Conj           #...         88%         1    ##.....
 Pain                     Necr           #...         88%         1    ##.....
 Sandblast                Erth           #.....       88%         1    ##.....
 Shock                    Conj/Air       #...         88%         1    ##.....
 Sting                    Conj/Pois      #...         88%         1    ##.....
 Summon Small Mammal      Summ           #...         88%         1    ##.....
 Blink                    Tloc           N/A          95%         2    ###....
 Call Imp                 Summ           #.......     95%         2    ###....
 Corpse Rot               Necr           N/A          95%         2    ###....
 Ensorcelled Hibernation  Hex/Ice        #.....       95%         2    ###....
 Poisonous Vapours        Pois/Air       #.....       95%         2    ###....
 Searing Ray              Conj           #.....       95%         2    ###....
 Shroud of Golubria       Chrm/Tloc      #.........   95%         2    ###....
 Slow                     Hex            #.......     95%         2    ###....
 Throw Flame              Conj/Fire      #.....       95%         2    ###....
 Throw Frost              Conj/Ice       #.....       95%         2    ###....
 Confuse                  Hex            #.......     99%         3    ####...
 Conjure Flame            Conj/Fire      #.......     99%         3    ####...
 Dazzling Spray           Conj/Hex       #.....       99%         3    ####...
 Gell's Gravitas          Tloc           #.........   99%         3    ####...
 Ignite Poison            Fire/Tmut/Pois #.......     99%         3    ####...
 Inner Flame              Hex/Fire       #.......     99%         3    ####...
 Lesser Beckoning         Tloc           #.........   99%         3    ####...
 Mephitic Cloud           Conj/Pois/Air  #.......     99%         3    ####...
 Ozocubu's Armour         Chrm/Ice       #.......     99%         3    ####...
 Portal Projectile        Hex/Tloc       #.....       99%         3    ####...
 Regeneration             Chrm/Necr      #.........   99%         3    ####...
 Static Discharge         Conj/Air       #.......     99%         3    ####...
 Stone Arrow              Conj/Erth      #.....       99%         3    ####...
 Vampiric Draining        Necr           #.........   99%         3    ####...
 Airstrike                Air            #.........   100%        4    #####..
 Animate Dead             Necr           N/A          100%        4    #####..
 Cause Fear               Hex            #.........   100%        4    #####..
 Force Lance              Conj/Tloc      #.......     100%        4    #####..
 Fulminant Prism          Conj/Hex       #.........   100%        4    #####..
 Iskenderun's Mystic Bla  Conj           #.......     100%        4    #####..
 Leda's Liquefaction      Hex/Erth       #.........   100%        4    #####..
 Olgreb's Toxic Radiance  Pois           #.......     100%        4    #####..
 Petrify                  Tmut/Erth      #.......     100%        4    #####..
 Sticky Flame             Conj/Fire      #.......     100%        4    #####..
 Summon Ice Beast         Ice/Summ       #.......     100%        4    #####..
 Summon Lightning Spire   Summ/Air       #.......     100%        4    #####..
 Throw Icicle             Conj/Ice       #.......     100%        4    #####..
 Agony                    Necr           #.......     100%        5    ######.
 Alistair's Intoxication  Tmut/Pois      #.......     100%        5    ######.
 Bolt of Draining         Conj/Necr      #.........   100%        5    ######.
 Bolt of Magma            Conj/Fire/Erth #.........   100%        5    ######.
 Borgnjor's Vile Clutch   Necr/Erth      #.........   100%        5    ######.
 Excruciating Wounds      Chrm/Necr      #.........   100%        5    ######.
 Fireball                 Conj/Fire      #.........   100%        5    ######.
 Irradiate                Conj/Tmut      #.........   100%        5    ######.
 Lightning Bolt           Conj/Air       #.........   100%        5    ######.
 Metabolic Englaciation   Hex/Ice        #.........   100%        5    ######.
 Silence                  Hex/Air        #.........   100%        5    ######.
 Summon Forest            Summ/Tloc      #.........   100%        5    ######.
 Venom Bolt               Conj/Pois      #.........   100%        5    ######.
 Yara's Violent Unravell  Hex/Tmut       #.........   100%        5    ######.
 Bolt of Fire             Conj/Fire      #.........   100%        6    #######
 Conjure Ball Lightning   Conj/Air       #.........   100%        6    #######
 Darkness                 Hex            #.........   100%        6    #######
 Death Channel            Necr           #.........   100%        6    #######
 Deflect Missiles         Chrm/Air       #.........   100%        6    #######
 Dispersal                Tloc           #.........   100%        6    #######
 Shadow Creatures         Summ           N/A          100%        6    #######
 Summon Hydra             Summ           #.........   100%        7    #######
 Controlled Blink         Tloc           N/A          100%        8    #######
 Disjunction              Tloc           #.........   100%        8    #######
 Ignition                 Fire           #.........   100%        8    #######
 Dragon's Call            Summ           #.........   100%        9    #######
 Shatter                  Erth           #.........   100%        9    #######
 Tornado                  Air            #.........   100%        9    #######
 Beastly Appendage        Tmut           Unusable     N/A         1    N/A
 Sublimation of Blood     Necr           Unusable     N/A         2    N/A
 Ice Form                 Ice/Tmut       Unusable     N/A         4    N/A
 Hydra Form               Tmut           Unusable     N/A         6    N/A
 Statue Form              Tmut/Erth      Unusable     N/A         6    N/A
 Dragon Form              Tmut           Unusable     N/A         7    N/A
 Borgnjor's Revivificati  Necr           Unusable     N/A         8    N/A

Dungeon Overview and Level Annotations

Branches:
Dungeon (15/15)            Temple (0/1) D:6            Lair (6/6) D:9
 Shoals (4/4) Lair:3        Snake (4/4) Lair:4        Slime (5/5) Lair:6
    Orc (2/2) D:10            Elf (3/3) Orc:2        Vaults (4/5) D:13
  Crypt (3/3) Vaults:3       Tomb (0/3) Crypt:3      Depths (5/5) D:15
    Zot (5/5) Depths:5

Altars:
Ashenzari
Cheibriados
Hepliaklqana
Makhleb
Nemelex Xobeh
Okawaru
Qazlal
Ru
Trog
Uskayaw
Wu Jian
Zin
The Shining One
Beogh

Shops:
D:4 =   D:10 [   D:11 =   Orc:1 (   Orc:2 *([[   Elf:1 [   Snake:1 :*
Snake:3 }=}}[:*   Vaults:3 :   Vaults:4 *!!}[   Depths:2 =:%

Portals:
Hell: Depths:1 Depths:2 Depths:3 Depths:4 Depths:5
Pandemonium: Depths:3 Depths:4 Depths:5
Ziggurat: Depths:5

Annotations:
Vaults:4 3 runed doors, Mehygaiv's ghost, adept GnFi
Depths:5 exclusion: downstairs
Zot:2 exclusion: 3 upstairs
Zot:3 3 runed doors, exclusion: 3 upstairs, Krapule's ghost, legendary GnSk


Innate Abilities, Weirdness & Mutations

Your body is rotting away.
You thrive on raw meat.
You are immune to poison.
You have sharp fingernails.
You are carnivorous and can eat meat at any time.
Your flesh is cold resistant. (rC+)
You are immune to negative energy. (rN+++)
You do not regenerate when monsters are visible.
You are immune to unholy pain and torment.
You can survive without breathing.


Message History

The Brimstone Fiend struggles against the net.
Throwing (i - inventory. (/) - cycle)
z - 12 throwing nets (quivered)
Press: ? - help, Shift-Dir - straight line, f/p - Brimstone Fiend
Aim: a Brimstone Fiend (lightly wounded)
You throw a throwing net.
The throwing net hits the Brimstone Fiend.
The Brimstone Fiend is caught in the net!
The Brimstone Fiend is lightly wounded.
A ynoxinul comes into view.
The Brimstone Fiend struggles against the net. x2
The Brimstone Fiend struggles against the net.
There is a stone staircase leading up here.
The ynoxinul gestures.
You climb upwards.
There is a stone staircase leading down here.
You feel yourself speed up.
You see here a short sword.
You see here 19 bolts.
There is a staircase leading out of the dungeon here.
You have escaped!

.# #..(....##..######... .#
#######)................... .#
#.........#.........##.#... .#
#.#.#....#.#....#.#.##.#### .#
#....#..##.##..#....##.# .#
#..).#..#...#..#.....#.#
.######.#..#..#§.§#§.#..#..#.####
......#..###....§§§..###........(
#####.##......#.@.#......##..####
#.##.#....#...#....#.##..####
#.##.##....###.....#.##..##..
#####.##........#................
......###....................##..
####### #...##.....##..#.##.#####
#..###.....###(#.......##
#########..##.#...#.##..........#
#...........###...###..####......


There were no monsters in sight!

Vanquished Creatures
  the Royal Jelly (Slime:5)
  Mennas (Depths:4)
  6 ancient liches
  7 orbs of fire
  Bai Suzhen (Crypt:2)
  Frederick (Depths:4)
  3 caustic shrikes (Depths:5)
  5 curse toes
  14 golden dragons
  2 Killer Klowns
  A bone dragon (Crypt:3)
  Jory (Depths:3)
  A shard shrike zombie (Crypt:1)
  4 electric golems
  12 tentacled monstrosities
  8 liches
  26 Orb Guardians
  An Ice Fiend (IceCv)
  Asterion (Snake:3)
  23 acid blobs
  3 quicksilver dragons
  2 deep elf master archers (Elf:3)
  3 ancient champions
  2 krakens
  Gastronok (Lair:3)
  2 sphinxes (Vaults:3)
  Kirke (D:14)
  3 revenants (Crypt:3)
  6 shadow dragons
  8 death cobs
  14 storm dragons
  2 tengu reavers
  Roxanne (D:14)
  5 draconian monks
  9 nagarajas
  14 azure jellies
  6 deep elf sorcerers
  9 frost giants
  6 draconian knights
  5 fire giants
  2 iron dragons
  8 vault wardens
  2 ghost moths
  9 draconian shifters
  3 curse skulls
  4 deep elf elementalists (Elf:3)
  5 draconian scorchers
  5 ghouls
  4 draconian stormcallers
  An orc warlord (Orc:1)
  2 war gargoyles
  A reaper (Depths:3)
  6 draconian annihilators
  17 stone giants
  6 ironheart preservers
  3 vampire knights
  17 green draconians
  An entropy weaver (Vaults:3)
  36 very ugly things
  Nessos (Lair:4)
  12 red draconians
  7 deep elf demonologists
  Azrael (D:12)
  6 deep elf annihilators
  A lorocyproca (Depths:2)
  8 yellow draconians
  10 purple draconians
  12 black draconians
  2 minotaurs
  16 white draconians
  6 deep elf death magi
  2 eidola
  9 spark wasps
  A blizzard demon (Depths:4)
  9 ettins
  8 jiangshi
  11 death oozes
  7 merfolk javelineers
  14 fire dragons
  6 yaktaur captains
  13 great orbs of eyes
  4 deep elf high priests (Elf:3)
  5 rakshasas
  9 merfolk impalers
  9 ogre magi
  6 hydras
  5 vault guards
  22 naga warriors
  11 anacondas
  5 ice dragons
  An alligator snapping turtle (Shoals:3)
  12 centaur warriors
  3 merfolk avatars
  A catoblepas (Lair:5)
  A satyr (Shoals:2)
  3 merfolk aquamancers
  32 two-headed ogres
  2 death yaks (Lair:4)
  7 deep troll shamans
  3 death knights
  4 deep troll earth magi
  A titan zombie (Crypt:2)
  6 spriggan berserkers
  Erica (D:11)
  4 vampire magi
  Urug (Lair:1)
  22 dancing weapons
  11 naga sharpshooters
  6 tengu warriors
  A soul eater (Crypt:3)
  10 shock serpents
  Sonja (Lair:4)
  A sun demon (Zot:1)
  An orc high priest (Orc:2)
  The ghost of Zachthehappycat2 the Skirmisher, a novice MiBe of Trog (D:7)
  17 deep elf knights
  4 iron trolls
  3 hell knights
  9 skeletal warriors
  A shadow wraith (Crypt:2)
  3 unseen horrors
  4 salamander mystics
  A deep troll (shapeshifter) (Depths:4)
  A sixfirhy (Depths:3)
  26 deep trolls
  13 sea snakes
  5 flayed ghosts
  10 naga ritualists
  A shadow demon (Depths:2)
  16 wizards
  11 deep elf archers
  3 glowing orange brains
  17 ironbrand convokers
  4 necromancers
  2 mana vipers (shapeshifter)
  15 orc knights
  52 deep elf magi
  6 phantasmal warriors
  A wolf spider zombie (Crypt:2)
  25 harpies
  6 shining eyes
  A shadow dragon skeleton (Crypt:3)
  14 mana vipers
  20 manticores
  2 oklob plants
  4 wolf spiders
  49 ugly things
  6 orc sorcerers
  10 fauns
  A stone giant zombie (Crypt:1)
  12 cyclopes
  A rust devil (Depths:1)
  27 moths of wrath
  14 elephants
  15 salamanders
  11 merfolk sirens
  9 water nymphs
  3 ice statues (IceCv)
  5 centaur zombies
  4 eyes of devastation
  53 black mambas
  A stone giant skeleton (Crypt:1)
  A torpor snail (Lair:4)
  8 guardian serpents
  18 naga magi
  7 spiny frogs
  5 spectral swamp worms
  3 gargoyles (Depths:2)
  3 vault sentinels
  2 kobold demonologists
  2 rime drakes
  A hellion (Depths:5)
  7 freezing wraiths
  9 komodo dragons
  2 golden dragon simulacra (IceCv)
  2 anaconda simulacra (IceCv)
  2 tengu conjurers (Depths:2)
  50 yaktaurs
  3 hellwings
  A harpy zombie (Crypt:2)
  An iron troll skeleton (Crypt:3)
  A catoblepas skeleton (Crypt:1)
  2 queen bees
  13 ice devils
  7 polar bears
  16 trolls
  Grinder (D:4)
  A hydra zombie (Crypt:1)
  2 red devils
  8 snapping turtles
  25 merfolk
  104 slime creatures
  3 hornets
  8 blink frogs
  6 wind drakes
  An ettin zombie (Vaults:3)
  2 stone giant simulacra
  3 hippogriffs (shapeshifter)
  8 hippogriffs
  3 air elementals
  14 dream sheep
  2 redbacks
  2 shadows (Crypt:1)
  Sigmund (D:4)
  18 water elementals
  A fire bat (Volcano)
  A spriggan (Depths:4)
  A ynoxinul (Zot:5)
  3 wraiths
  23 yaks
  3 wyverns
  2 dire elephant simulacra (IceCv)
  7 fire elementals
  3 chaos spawn
  A vampire (D:12)
  A basilisk (shapeshifter) (Vaults:2)
  A hungry ghost (D:13)
  8 basilisks
  6 golden eyes
  6 vampire mosquitoes
  Menkaure (D:6)
  A wind drake skeleton (Crypt:2)
  3 harpy simulacra
  13 wargs
  57 nagas
  A hydra simulacrum (IceCv)
  8 hell hounds
  An iron troll simulacrum (IceCv)
  A gelid demonspawn zombie (Crypt:1)
  A floating eye (Slime:4)
  10 water moccasins
  7 porcupines
  A monstrous demonspawn skeleton (Crypt:2)
  2 deep troll skeletons
  A gelid demonspawn skeleton (Crypt:1)
  An orb spider zombie (Crypt:1)
  8 sky beasts
  46 orc warriors
  3 black bears
  10 boggarts
  2 black mamba simulacra (Crypt:1)
  4 eyes of draining
  A human zombie (Vaults:3)
  A phantom (D:8)
  3 necrophages
  2 wolves (D:9)
  A snapping turtle zombie (Crypt:1)
  23 ogres
  An eye of draining (shapeshifter) (Vaults:3)
  24 centaurs
  20 crocodiles
  4 big kobolds
  An elf skeleton (Crypt:3)
  2 rime drake skeletons
  8 earth elementals
  15 bullfrogs
  9 gnoll sergeants
  A wyvern zombie (D:12)
  A water moccasin zombie (Crypt:1)
  A scorpion (D:7)
  57 killer bees
  A polar bear skeleton (Crypt:3)
  A troll skeleton (Crypt:3)
  31 wights
  2 howler monkeys
  4 crimson imps
  3 electric eels
  15 hounds
  27 orc priests
  2 bullfrog zombies
  10 jellies
  31 orc wizards
  3 quasits
  7 gnoll shamans
  3 bullfrog skeletons
  2 centaur skeletons
  5 iguanas
  12 worker ants
  A killer bee zombie (D:6)
  A dwarf zombie (Crypt:3)
  A crocodile zombie (Crypt:3)
  An ogre skeleton (Crypt:2)
  A hound skeleton (D:8)
  A worker ant zombie (D:11)
  Robin (D:4)
  11 adders
  25 gnolls
  A howler monkey skeleton (D:8)
  A steam dragon skeleton (Crypt:3)
  5 shadow imps
  23 oozes
  3 adder zombies
  An iguana skeleton (Crypt:3)
  5 worms
  2 dart slugs
  4 leopard geckos
  133 orcs
  3 giant cockroaches
  24 goblins
  20 hobgoblins
  12 jackals
  5 quokkas
  3 ball pythons
  8 bats
  6 frilled lizards
  A gnoll skeleton (Crypt:3)
  24 kobolds
  A leopard gecko skeleton (D:7)
  An orc zombie (Crypt:2)
  A quokka skeleton (D:5)
  11 rats
  A rat zombie (Crypt:1)
  A fungus (Lair:6)
  A plant (Shoals:4)
  7 tentacles
2557 creatures vanquished.

Vanquished Creatures (collateral kills)
  A pandemonium lord (D:15)
  An ancient lich (Depths:3)
  A deep elf elementalist (Elf:3)
  2 deep elf annihilators
  The ghost of teukkam the Protected, a journeyman MiBe of Trog (Lair:6)
  A merfolk javelineer (Shoals:4)
  A hydra (Lair:5)
  A merfolk avatar (Shoals:4)
  A death knight (Vaults:3)
  A spriggan air mage (Depths:4)
  A two-headed ogre (Vaults:4)
  A spriggan berserker (Depths:4)
  A hell knight (Depths:4)
  A flayed ghost (Depths:5)
  A harpy (Shoals:4)
  A naga ritualist (Snake:4)
  A necromancer (Depths:4)
  A deep elf mage (Vaults:4)
  A cyclops (D:12)
  3 ugly things (D:15)
  An elephant (Lair:5)
  A merfolk siren (Shoals:4)
  A spiny frog (Lair:6)
  A merfolk (Shoals:4)
  A hornet (Depths:4)
  A slime creature (Slime:3)
  3 snapping turtles (Shoals:4)
  A yak (Lair:5)
  3 nagas (Snake:4)
  3 orc warriors
  An ogre (D:12)
  A centaur (D:12)
  A crocodile (Lair:6)
  An orc priest (D:12)
  An orc wizard (Vaults:3)
  An adder (D:12)
  An ooze (Lair:5)
  8 orcs
54 creatures vanquished.

Vanquished Creatures (others)
  A fire giant (Depths:1)
  A ghoul (Crypt:1)
  A two-headed ogre (Volcano)
  4 moths of wrath (Zot:5)
  A centaur skeleton (D:12)
  A hellion (Zot:5)
  A merfolk (Shoals:2)
  A slime creature (Slime:4)
  2 humans (D:14)
  A water moccasin (D:6)
  An ogre (Vaults:3)
  A centaur zombie (D:6)
  An orc priest (D:7)
  A hound (D:6)
  An iguana (D:12)
  14 fungi
  17 plants
  15 tentacles
65 creatures vanquished.

Grand Total: 2676 creatures vanquished

Notes
Turn   | Place    | Note
-------+----------+-------------------------------------------
     0 | D:1      | aMcNicky the Ghoul Fighter began the quest for the Orb.
     0 | D:1      | Reached XP level 1. HP: 19/19 MP: 0/0
   257 | D:1      | Reached XP level 2. HP: 21/26 MP: 1/1
   979 | D:2      | Reached XP level 3. HP: 20/33 MP: 2/2
  1629 | D:2      | Reached skill level 4 in Fighting
  1629 | D:2      | Reached XP level 4. HP: 21/40 MP: 3/3
  1657 | D:2      | Reached XP level 5. HP: 17/47 MP: 4/4
  2065 | D:2      | Reached skill level 5 in Unarmed Combat
  2374 | D:3      | Found a glowing golden altar of the Shining One.
  3460 | D:4      | Reached XP level 6. HP: 21/55 MP: 5/5
  3648 | D:4      | Found Moqoes's Jewellery Boutique.
  3676 | D:4      | Reached skill level 5 in Fighting
  3746 | D:4      | Noticed Robin
  3748 | D:4      | Killed Robin
  3868 | D:4      | Noticed Sigmund
  3897 | D:4      | Killed Sigmund
  3897 | D:4      | Reached XP level 7. HP: 35/61 MP: 6/6
  4034 | D:4      | Noticed Grinder
  4051 | D:4      | Paralysed by Grinder for 4 turns
  4078 | D:4      | Paralysed by Grinder for 4 turns
  4090 | D:4      | Killed Grinder
  4151 | D:4      | Found a hide-covered altar of Uskayaw.
  4176 | D:4      | Reached skill level 6 in Fighting
  4517 | D:4      | Found a snail-covered altar of Cheibriados.
  4530 | D:4      | Found a stormy altar of Qazlal.
  4554 | D:4      | Found an ornate altar of the Wu Jian Council.
  4572 | D:4      | Became a worshipper of Qazlal Stormbringer
  4663 | D:5      | Entered Level 5 of the Dungeon
  4762 | D:5      | Found a sacrificial altar of Ru.
  4770 | D:5      | Reached XP level 8. HP: 64/71 MP: 7/7
  5985 | D:6      | Reached * piety under Qazlal
  5985 | D:6      | Reached skill level 7 in Fighting
  6153 | D:6      | Reached XP level 9. HP: 73/79 MP: 8/8
  6351 | D:6      | Reached skill level 10 in Unarmed Combat
  6499 | D:6      | Found a stormy altar of Qazlal.
  6595 | D:6      | Noticed Menkaure
  6602 | D:6      | Killed Menkaure
  6761 | D:6      | Found a staircase to the Ecumenical Temple.
  7823 | D:7      | Found a burning altar of Makhleb.
  7893 | D:7      | Found a runed gate.
  7893 | D:7      | Found a runed gate.
  7893 | D:7      | Found a runed gate.
  7894 | D:7      | Noticed Zachthehappycat2's ghost (novice MiBe)
  7895 | D:7      | Found a roughly hewn altar of Beogh.
  7956 | D:7      | Reached skill level 8 in Fighting
  8128 | D:7      | Reached skill level 5 in Armour
  8324 | D:7      | Noticed a cyclops
  8337 | D:7      | Killed a cyclops
  8651 | D:7      | Reached ** piety under Qazlal
  8800 | D:7      | Reached XP level 10. HP: 90/90 MP: 9/9
  9561 | D:7      | Vault
 10185 | D:8      | Reached *** piety under Qazlal
 10387 | D:8      | Reached skill level 9 in Fighting
 11302 | D:8      | Reached skill level 1 in Invocations
 12353 | D:9      | Found a hazy altar of Hepliaklqana.
 12506 | D:9      | Reached XP level 11. HP: 68/98 MP: 12/12
 12525 | D:9      | Got a brightly glowing long sword
 12526 | D:9      | Identified the +11 long sword of Spite {freeze, rC+ rN+
                  | Dex-3} (You found it on level 9 of the Dungeon)
 12563 | D:9      | Noticed a two-headed ogre
 12578 | D:9      | Reached **** piety under Qazlal
 12584 | D:9      | Killed a two-headed ogre
 12734 | D:9      | Found a flagged portal.
 12740 | Bailey   | Entered a bailey
 12749 | Bailey   | Reached skill level 10 in Fighting
 13244 | D:9      | Found a staircase to the Lair.
 13968 | D:10     | Entered Level 10 of the Dungeon
 14002 | D:10     | Found Xynen's Armour Shop.
 14012 | D:10     | Bought the +5 shield "Ryreoc" {rF+ rCorr Int+2 Dex-4} for
                  | 538 gold pieces
 14012 | D:10     | Bought a +0 cloak for 54 gold pieces
 14684 | D:10     | Found a staircase to the Orcish Mines.
 14806 | D:11     | Found Odiunwit's Jewellery Boutique.
 14809 | D:11     | Bought an uncursed amulet of guardian spirit for 390 gold
                  | pieces
 14830 | D:11     | Found a sparkling altar of Nemelex Xobeh.
 14929 | D:11     | Found an iron altar of Okawaru.
 14949 | D:11     | Noticed Erica
 14950 | D:11     | Noticed a two-headed ogre
 14958 | D:11     | Killed Erica
 14958 | D:11     | Reached skill level 5 in Invocations
 14964 | D:11     | Killed a two-headed ogre
 15461 | D:10     | Bought a +1 plate armour of magic resistance for 420 gold
                  | pieces
 15903 | Lair:1   | Entered Level 1 of the Lair of Beasts
 15903 | Lair:1   | Noticed Urug
 15911 | Lair:1   | Killed Urug
 15911 | Lair:1   | Reached skill level 5 in Shields
 15911 | Lair:1   | Reached XP level 12. HP: 88/107 MP: 11/15
 15926 | Lair:1   | Noticed a four-headed hydra
 15941 | Lair:1   | Killed a four-headed hydra
 15948 | Lair:1   | Reached skill level 11 in Fighting
 15961 | Lair:1   | Reached ***** piety under Qazlal
 17787 | Lair:3   | Found a staircase to the Shoals.
 18173 | Lair:3   | Noticed Gastronok
 18184 | Lair:3   | Killed Gastronok
 18596 | Lair:3   | Noticed a six-headed hydra
 18606 | Lair:3   | Killed a six-headed hydra
 18886 | Lair:4   | Reached XP level 13. HP: 109/117 MP: 15/17
 19029 | Lair:4   | Reached skill level 12 in Fighting
 19054 | Lair:4   | Noticed Nessos
 19091 | Lair:4   | Killed Nessos
 19092 | Lair:4   | Found a staircase to the Snake Pit.
 19540 | Lair:4   | Noticed Sonja
 19552 | Lair:4   | Killed Sonja
 20116 | Orc:1    | Entered Level 1 of the Orcish Mines
 20307 | Orc:1    | Reached ****** piety under Qazlal
 20528 | Orc:2    | Entered Level 2 of the Orcish Mines
 20538 | Orc:2    | Paralysed by an orc sorcerer for 2 turns
 20768 | Orc:2    | Reached skill level 10 in Armour
 20785 | Orc:2    | Found a roughly hewn altar of Beogh.
 20898 | Orc:2    | Found a roughly hewn altar of Beogh.
 20942 | Orc:2    | Found a staircase to the Elven Halls.
 21037 | Orc:2    | Found a roughly hewn altar of Beogh.
 21053 | Orc:2    | Found Casy's Assorted Antiques.
 21081 | Orc:2    | Bought a potion of heal wounds for 145 gold pieces
 21172 | Orc:2    | Noticed an orc warlord
 21185 | Orc:2    | Reached XP level 14. HP: 112/126 MP: 4/20
 21261 | Orc:1    | Killed an orc warlord
 21347 | Orc:2    | Found Cyhupysasm's Armour Shop.
 21434 | Orc:2    | Found Senipratui's Antique Weapon Boutique.
 21439 | Orc:2    | Found a roughly hewn altar of Beogh.
 21528 | Orc:2    | Found Pezew's Antique Armour Shop.
 21543 | Orc:2    | Bought a fine scale mail for 315 gold pieces
 21553 | Orc:2    | Identified the +2 scale mail of Fedhas's Pride {+Fly rF-
                  | MR+ Dex+3} (You bought it in a shop on level 2 of the
                  | Orcish Mines)
 21610 | Orc:2    | Found a roughly hewn altar of Beogh.
 21679 | Orc:1    | Found a roughly hewn altar of Beogh.
 21682 | Orc:1    | Found Yzypp's Antique Weapon Shop.
 22198 | Lair:5   | Found a glowing silver altar of Zin.
 22220 | Lair:5   | Found a dark tunnel.
 22226 | Volcano  | Entered a volcano
 22626 | Lair:5   | Reached skill level 13 in Fighting
 22843 | Lair:5   | Reached skill level 15 in Unarmed Combat
 23054 | Lair:5   | Reached skill level 10 in Invocations
 23340 | Lair:6   | Entered Level 6 of the Lair of Beasts
 23973 | Lair:6   | Noticed teukkam's ghost (journeyman MiBe)
 23991 | Lair:6   | Found a runed gate.
 23991 | Lair:6   | Found a runed gate.
 23991 | Lair:6   | Found a runed gate.
 24396 | Lair:6   | Found a staircase to the Slime Pits.
 24610 | Lair:6   | Got a bloodstained ring mail
 24621 | Lair:6   | Identified the cursed +1 ring mail "Kiothuh" {+Inv MR+
                  | Regen+ Dex+4} (You found it on level 6 of the Lair of
                  | Beasts)
 25134 | D:12     | Reached XP level 15. HP: 116/136 MP: 18/22
 25215 | D:12     | Noticed Azrael
 25258 | D:12     | Killed Azrael
 25552 | D:13     | Found a labyrinth entrance.
 25565 | Lab      | Entered a labyrinth
 25798 | Lab      | Got scorched ice dragon scales
 26323 | D:13     | Found a gate to the Vaults.
 26752 | D:13     | Identified the +3 ice dragon scales of Goaddoq {+Blink rF-
                  | rC++ Str+4 Int+2} (You found it in a labyrinth)
 26838 | D:13     | Reached skill level 14 in Fighting
 27323 | D:14     | Noticed Kirke
 27335 | D:14     | Killed Kirke
 27390 | D:14     | Noticed Roxanne
 27555 | D:14     | Found a bloodstained altar of Trog.
 27828 | D:15     | Entered Level 15 of the Dungeon
 27944 | D:15     | Reached skill level 10 in Shields
 28299 | D:15     | Reached XP level 16. HP: 147/147 MP: 23/23
 28301 | D:15     | Found a staircase to the Depths.
 29070 | Snake:1  | Entered Level 1 of the Snake Pit
 29845 | Snake:1  | Found Sima Qul's General Store.
 29879 | Snake:1  | Bought the +0 mask of the Dragon {MR+ Slay+3 SInv} for 334
                  | gold pieces
 29879 | Snake:1  | Found the +0 mask of the Dragon {MR+ Slay+3 SInv}
 30005 | Snake:1  | Found Laringo's Book Shop.
 30088 | Snake:1  | Reached skill level 15 in Fighting
 30547 | Snake:2  | Noticed a nagaraja
 30557 | Snake:2  | Killed a nagaraja
 30616 | Snake:2  | Noticed a nagaraja
 30632 | Snake:2  | Killed a nagaraja
 31278 | Snake:3  | Noticed Asterion
 31293 | Snake:3  | Killed Asterion
 31616 | Snake:3  | Found Pethoiw's Book Boutique.
 31869 | Snake:3  | Noticed a nagaraja
 31874 | Snake:3  | Reached XP level 17. HP: 156/156 MP: 25/25
 31935 | Snake:3  | Found Qouroy's Gadget Emporium.
 31973 | Snake:3  | Identified the Compendium of Necromancy and the Mountains
 32153 | Snake:3  | Found Jarhiub's Armour Shop.
 32242 | Snake:3  | Found Jirodot's General Store.
 32250 | Snake:3  | Bought a potion of magic for 144 gold pieces
 32446 | Snake:3  | Found Siac's Gadget Shop.
 32447 | Snake:3  | Found Avisiuda's Jewellery Shoppe.
 32448 | Snake:3  | Found Omarghi's Gadget Shop.
 32454 | Snake:3  | Bought a phantom mirror for 450 gold pieces
 32585 | Snake:4  | Entered Level 4 of the Snake Pit
 33721 | Snake:3  | Reached skill level 16 in Fighting
 33955 | Snake:4  | Reached XP level 18. HP: 154/165 MP: 25/27
 34808 | Snake:4  | Got a serpentine rune of Zot
 35022 | Shoals:1 | Entered Level 1 of the Shoals
 37504 | Shoals:3 | Reached XP level 19. HP: 149/174 MP: 26/29
 37716 | Shoals:4 | Entered Level 4 of the Shoals
 38245 | Shoals:4 | Reached skill level 15 in Invocations
 38250 | Shoals:4 | Reached skill level 17 in Fighting
 38289 | Shoals:4 | Got a barnacled rune of Zot
 39204 | Shoals:4 | Identified the amulet of the Inquisitive Gods {RegenMP rN+
                  | Stlth+} (You found it on level 4 of the Shoals)
 39319 | Shoals:4 | Reached skill level 1 in Dodging
 40111 | D:14     | Killed Roxanne
 40238 | Vaults:1 | Entered Level 1 of the Vaults
 41480 | Vaults:2 | Reached XP level 20. HP: 151/184 MP: 27/30
 41931 | Vaults:2 | Reached skill level 5 in Dodging
 43434 | D:7      | Killed Zachthehappycat2's ghost
 43575 | D:7      | Identified the +0 hat "Miwa" {rPois Int+5} (You found it on
                  | level 7 of the Dungeon)
 43801 | Lair:6   | Killed teukkam's ghost
 43935 | Snake:1  | Identified the +3 leather armour "Wirutapn" {rN+ MR+
                  | Stlth+} (You found it on level 1 of the Snake Pit)
 44542 | Vaults:3 | Found a staircase to the Crypt.
 44613 | Vaults:3 | Found Rurauqut's Book Emporium.
 44717 | Vaults:3 | Reached skill level 18 in Fighting
 44737 | Vaults:3 | Identified the +3 hat of Sif Muna's Approval {rElec Slay+3}
                  | (You found it on level 3 of the Vaults)
 44832 | Vaults:3 | Reached skill level 15 in Armour
 45545 | Vaults:3 | Reached XP level 21. HP: 173/194 MP: 28/32
 47158 | Vaults:4 | Found Saeblerch's Gadget Boutique.
 47197 | Vaults:4 | Found Kojaet's Distillery.
 47205 | Vaults:4 | Bought a potion of invisibility for 96 gold pieces
 47205 | Vaults:4 | Bought a potion of heal wounds for 60 gold pieces
 47208 | Vaults:4 | Found a runed gate.
 47208 | Vaults:4 | Found a runed gate.
 47208 | Vaults:4 | Found a runed gate.
 47211 | Vaults:4 | Noticed Mehygaiv's ghost (adept GnFi)
 47320 | Vaults:4 | Found Nienioc's General Store.
 47340 | Vaults:4 | Bought a potion of heal wounds for 60 gold pieces
 47506 | Vaults:4 | Found Fascheask's Antique Armour Shop.
 47511 | Vaults:4 | Bought a runed scarf for 360 gold pieces
 47816 | Vaults:4 | Found Vonolon's Distillery.
 47819 | Vaults:4 | Bought a potion of agility for 60 gold pieces
 47819 | Vaults:4 | Bought a potion of haste for 150 gold pieces
 47819 | Vaults:4 | Bought a potion of resistance for 150 gold pieces
 48290 | Elf:1    | Entered Level 1 of the Elven Halls
 48343 | Elf:1    | Found a frozen archway.
 48361 | IceCv    | Entered an ice cave
 48710 | IceCv    | Got a brightly glowing helmet
 48721 | IceCv    | Identified the +0 helmet "Cewa" {Str+4} (You found it in an
                  | ice cave)
 49425 | Elf:1    | Found Necixkini's Armour Emporium.
 49433 | Elf:1    | Bought a +1 pair of gloves of dexterity for 198 gold pieces
 50634 | Elf:2    | Found a huge runed gate.
 50634 | Elf:2    | Found a huge runed gate.
 50634 | Elf:2    | Found a huge runed gate.
 50635 | Elf:2    | Found a huge runed gate.
 50637 | Elf:2    | Found a huge runed gate.
 50842 | Elf:2    | Reached XP level 22. HP: 162/203 MP: 28/33
 51137 | Elf:2    | Reached skill level 15 in Shields
 51186 | Elf:2    | Reached skill level 19 in Fighting
 51449 | Elf:3    | Entered Level 3 of the Elven Halls
 51960 | Elf:3    | Identified the Compendium of Displaced Flames
 51963 | Elf:3    | Found the +8 lance "Wyrmbane" {slay drac, rPois rF+ rC+
                  | AC+3}
 51965 | Elf:3    | Identified the Reference Book on Hurtful Feathers
 51977 | Elf:3    | Identified Sif Muna's Reference Book on Spatial Changing
 52004 | Elf:3    | Identified the cursed +1 chain mail "Sirr" {MR+ Dex+6
                  | Stlth+} (You found it on level 3 of the Elven Halls)
 52008 | Elf:3    | Identified the cursed +1 ring mail of Xuses {Int+3} (You
                  | found it on level 3 of the Elven Halls)
 52032 | Elf:3    | Identified the +2 scale mail of the Poles {+Inv Int+6} (You
                  | found it on level 3 of the Elven Halls)
 52088 | Elf:3    | Reached skill level 1 in Polearms
 53076 | Depths:1 | Entered Level 1 of the Depths
 53296 | D:15     | Reached skill level 5 in Polearms
 53826 | Depths:1 | Reached XP level 23. HP: 212/213 MP: 31/34
 54339 | Depths:1 | Found a shattered altar of Ashenzari.
 54807 | Depths:1 | Found a gateway to Hell.
 54906 | Depths:2 | Reached skill level 10 in Polearms
 55013 | Depths:2 | Found Goklo's Food Shop.
 55013 | Depths:2 | Found Archisot's Book Boutique.
 55027 | Depths:2 | Found Kysmaleu's Jewellery Shop.
 56384 | Depths:3 | Noticed an ancient lich
 56409 | Depths:3 | Killed an ancient lich
 56997 | Depths:3 | Found a one-way gate leading to the halls of Pandemonium.
 57107 | Depths:3 | Reached XP level 24. HP: 218/221 MP: 34/34
 57415 | Depths:4 | Noticed Jory
 57477 | Depths:3 | Killed Jory
 57655 | Depths:4 | Noticed Frederick
 57675 | Depths:4 | Killed Frederick
 58030 | Depths:4 | Noticed Mennas
 58034 | Depths:4 | Killed Mennas
 58445 | Depths:4 | Found the +8 Wrath of Trog {antimagic, *Rage}
 58640 | Depths:5 | Entered Level 5 of the Depths
 59027 | Depths:5 | Reached skill level 15 in Polearms
 59502 | Depths:5 | Reached skill level 20 in Fighting
 59908 | Depths:5 | Found a gateway to a ziggurat.
 59908 | Depths:5 | Paralysed by a floating eye for 4 turns
 59917 | Depths:5 | Paralysed by a floating eye for 4 turns
 60070 | Depths:5 | Found a gate to the Realm of Zot.
 60157 | Depths:5 | Noticed a caustic shrike
 60158 | Depths:5 | Noticed a caustic shrike
 60172 | Depths:5 | Killed a caustic shrike
 60185 | Depths:5 | Killed a caustic shrike
 60205 | Depths:5 | Noticed a caustic shrike
 60221 | Depths:5 | Killed a caustic shrike
 60221 | Depths:5 | Reached XP level 25. HP: 215/232 MP: 33/34
 60944 | Slime:1  | Entered Level 1 of the Pits of Slime
 61626 | Slime:5  | Entered Level 5 of the Pits of Slime
 62039 | Slime:5  | Noticed the Royal Jelly
 63220 | Slime:5  | Killed the Royal Jelly
 64380 | Slime:5  | Identified a scroll of acquirement
 64381 | Slime:5  | Found the +1 cloak of Starlight {rElec rC+ EV+4 Stlth--}
 64397 | Slime:5  | Got a slimy rune of Zot
 64544 | Slime:5  | Identified the +0 chain mail of the Fife {rCorr} (You
                  | acquired it on level 5 of the Pits of Slime)
 65173 | Crypt:1  | Entered Level 1 of the Crypt
 65343 | Crypt:1  | Reached skill level 21 in Fighting
 66209 | Crypt:2  | Noticed Bai Suzhen
 66381 | Crypt:2  | Killed Bai Suzhen
 66435 | Crypt:2  | Reached XP level 26. HP: 243/243 MP: 34/34
 67179 | Crypt:3  | Entered Level 3 of the Crypt
 67470 | Crypt:3  | Got a twitching amber ring
 67697 | Crypt:3  | Noticed an ancient lich
 67697 | Crypt:3  | Noticed an ancient lich
 67710 | Crypt:3  | Identified the Disquisition on Evil Rituals
 67956 | Crypt:3  | Killed an ancient lich
 67974 | Crypt:3  | Killed an ancient lich
 67996 | Crypt:3  | Got a slimy pewter ring
 67996 | Crypt:3  | Got a twitching copper ring
 67997 | Crypt:3  | Identified the ring "Meulaowo" {+Inv rN+ Str+2} (You found
                  | it on level 3 of the Crypt)
 67998 | Crypt:3  | Identified the ring of Xom's Vengeance {rN+ Int+9} (You
                  | found it on level 3 of the Crypt)
 67999 | Crypt:3  | Identified the ring of Zuiti {rN+ Str+3 Dex+3} (You took it
                  | off a skeletal warrior on level 3 of the Crypt)
 68194 | Crypt:3  | Found a staircase to the Tomb.
 68807 | Snake:1  | Bought a manual of Dodging for 1324 gold pieces
 68846 | Snake:3  | Bought a potion of curing for 54 gold pieces
 68846 | Snake:3  | Bought a scroll of teleportation for 54 gold pieces
 68897 | Snake:1  | Bought a potion of resistance for 100 gold pieces
 68897 | Snake:1  | Bought a potion of haste for 100 gold pieces
 69289 | Zot:1    | Entered Level 1 of the Realm of Zot
 70432 | Zot:1    | Reached XP level 27. HP: 133/254 MP: 18/34
 70483 | Zot:1    | Reached skill level 22 in Fighting
 71043 | Zot:2    | Noticed an orb of fire
 71073 | Zot:1    | Killed an orb of fire
 71225 | Zot:2    | Reached skill level 10 in Dodging
 72713 | Zot:3    | Identified the +1 cloak of Sasuewea {Regen+ Str+4 Int-4}
                  | (You found it on level 3 of the Realm of Zot)
 72842 | Zot:3    | Found a runed gate.
 72842 | Zot:3    | Found a runed gate.
 72842 | Zot:3    | Found a runed gate.
 72843 | Zot:3    | Noticed Krapule's ghost (legendary GnSk)
 72853 | Zot:3    | Noticed an ancient lich
 72868 | Zot:3    | Identified the +5 large shield of the World {rElec rPois}
                  | (You acquired it on level 3 of the Realm of Zot)
 73626 | Zot:4    | Identified the Incunabulum of Feathers and Earth
 74028 | Zot:5    | Entered Level 5 of the Realm of Zot
 74257 | Zot:5    | Noticed an orb of fire
 74257 | Zot:5    | Noticed an ancient lich
 74279 | Zot:4    | Killed an ancient lich
 74301 | Zot:4    | Killed an orb of fire
 74417 | Zot:5    | Noticed an orb of fire
 74438 | Zot:4    | Killed an orb of fire
 74539 | Zot:5    | Noticed an orb of fire
 74542 | Zot:5    | Noticed an ancient lich
 74573 | Zot:4    | Killed an orb of fire
 74573 | Zot:4    | Reached skill level 23 in Fighting
 74705 | Zot:5    | Killed an ancient lich
 74945 | Zot:5    | Noticed an ancient lich
 74960 | Zot:5    | Killed an ancient lich
 75120 | Zot:5    | Noticed an orb of fire
 75134 | Zot:5    | Noticed an orb of fire
 75154 | Zot:5    | Killed an orb of fire
 75173 | Zot:5    | Noticed an ancient lich
 75374 | Zot:4    | Killed an ancient lich
 75533 | Zot:4    | Killed an orb of fire
 75807 | Zot:5    | Noticed an orb of fire
 75824 | Zot:5    | Killed an orb of fire
 78881 | Orc:2    | Bought a potion of haste for 290 gold pieces
 78881 | Orc:2    | Bought a phantom mirror for 870 gold pieces
 79443 | Zot:5    | Got the Orb of Zot
 79470 | Zot:5    | Noticed Otastreic the pandemonium lord
 79766 | D:15     | Noticed Pivouffu the pandemonium lord
 79787 | D:15     | Killed Pivouffu the pandemonium lord
 80104 | D:$      | Escaped with the Orb!

Skill      XL: |  1  2  3  4  5  6  7  8  9 10 11 12 13 14 15 16 17 18 19 20 21 22 23 24 25 26 27 |
---------------+----------------------------------------------------------------------------------+-----
Unarmed Combat | 3 4 5 6 8 9 11 12 13 14 15 16 17 18 19 20 | 20.5
Fighting       | 4 5 6 7 8 9 10 11 12 13 14 15 16 17 18 19 20 21 23 | 23.9
Armour         | 4 5 6 8 9 10 11 12 13 14 15 16 17 18 20 | 20.5
Shields        | 4 5 6 8 9 10 11 12 13 14 15 | 15.0
Invocations    | 3 5 7 9 10 11 12 13 14 15 16 | 16.6
Dodging        | 4 6 8 13 | 13.6
Polearms       | 8 13 15 17 19 22 | 22.5

Action                   |  1- 3 |  4- 6 |  7- 9 | 10-12 | 13-15 | 16-18 | 19-21 | 22-24 | 25-27 || total
-------------------------+-------+-------+-------+-------+-------+-------+-------+-------+-------++-------
Melee: Unarmed           |   142 |   170 |   351 |   919 |  1451 |  1379 |  1913 |   969 |       ||  7294
       Lance             |       |       |       |       |       |       |       |   914 |  2880 ||  3794
 Fire: Hunting sling     |     3 |       |       |       |       |       |       |       |       ||     3
Throw: Stone             |       |       |    30 |     3 |       |    18 |       |       |       ||    51
       Throwing net      |       |       |       |       |       |       |       |       |     3 ||     3
Invok: Upheaval          |       |       |       |     3 |     6 |    11 |    16 |    18 |     3 ||    57
       Elemental Force   |       |       |       |     1 |     6 |     3 |     5 |     9 |     1 ||    25
       Disaster Area     |       |       |       |       |       |     3 |       |     3 |       ||     6
Evoke: Lamp of fire      |       |       |       |       |       |     2 |     4 |     6 |     1 ||    13
       Phial of floods   |       |       |       |       |       |     1 |     1 |     1 |     1 ||     4
       Wand              |       |       |       |       |       |       |     1 |     2 |    35 ||    38
       Phantom mirror    |       |       |       |       |       |       |       |       |     1 ||     1
  Use: Scroll            |     3 |     2 |     7 |     7 |    10 |     9 |    15 |     6 |    24 ||    83
       Potion            |     1 |       |     1 |     7 |       |       |     4 |     4 |    13 ||    30
 Stab: Paralysed         |       |       |     1 |       |       |       |       |       |       ||     1
       Invisible         |       |       |     1 |     2 |       |       |       |       |       ||     3
       Distracted        |       |       |       |       |       |     1 |       |     3 |       ||     4
  Eat: Chunk             |     7 |     6 |    18 |    56 |   116 |    99 |   109 |   137 |    56 ||   604
       Ration            |       |       |       |     1 |     2 |     3 |     4 |     2 |    17 ||    29
Armor: Scale mail        |    56 |    43 |   102 |   119 |       |       |       |       |       ||   320
       Chain mail        |       |       |       |   160 |       |       |       |       |       ||   160
       Plate armour      |       |       |       |   133 |   658 |   572 |   479 |   485 |   691 ||  3018
Dodge: Dodged            |    47 |    57 |    97 |   271 |   197 |   194 |   209 |   250 |   480 ||  1802
       Deflected         |       |       |       |     5 |     7 |    50 |    28 |    17 |    42 ||   149
Block: Shield            |    27 |       |       |   461 |  1665 |  1835 |  1736 |  1475 |  1880 ||  9079
       Buckler           |    18 |    24 |    49 |   220 |       |       |       |       |       ||   311
       Large shield      |       |       |       |       |       |       |     2 |       |       ||     2
